 Dungeon Crawl Stone Soup version 0.14-a0-788-g14b720c (webtiles) character file.

725 Malachi the Chucker (level 7, -1/45 HPs)
             Began as a Formicid Hunter on Nov 10, 2013.
             Slain by a giant frog (3 damage)
             ... in a sewer.
             The game lasted 00:08:11 (4287 turns).

Malachi the Chucker (Formicid Hunter)               Turns: 4287, Time: 00:08:12

HP  -1/45        AC  6     Str 19      XL: 7   Next: 83%
MP   6/6         EV 13     Int 10      God:
Gold 178         SH  0     Dex 11      Spells:  0 memorised,  6 levels left

Res.Fire  : . . .   See Invis. : +   g - +1,+2 dwarf hand axe
Res.Cold  : . . .   Warding    : .   d - +0 leather armour
Life Prot.: . . .   Conserve   : .   (no shield)
Res.Poison: .       Res.Corr.  : .   (helmet unavailable)
Res.Elec. : .       Clarity    : .   y - +1 cloak {rPois}
Sust.Abil.: . .     Spirit.Shd : .   (no gloves)
Res.Mut.  : .       Stasis     : +   (no boots)
Res.Rott. : .       Flight     : .   (no amulet)
Saprovore : . . .                    (no ring)
                                     (no ring)

@: slightly resistant to hostile enchantments, unstealthy
A: permanent stasis, dig shafts and tunnels, four strong arms, poison weakness,
antennae 3, exoskeleton 1
a: Dig, Shaft Self


You were in a sewer.
You were hungry.

You visited 1 branch of the dungeon, and saw 4 of its levels.
You also visited: Sewer.

You collected 178 gold pieces.

Inventory:

Hand weapons
 g - a +1,+2 dwarven hand axe (weapon)
Missiles
 b - a large rock (quivered)
 c - 2 throwing nets
Armour
 d - a +0 leather armour (worn)
 y - a +1 cloak of poison resistance (worn)
Comestibles
 f - 3 bread rations
 k - 2 pears
 p - 2 meat rations
 q - an apple
 s - an orange
Scrolls
 i - a scroll of enchant armour
 j - a scroll of amnesia
 l - a scroll of enchant weapon I
 m - a scroll of enchant weapon II
 w - 2 scrolls of fear
Potions
 a - a potion of brilliance {unknown}
 n - a potion of flight {unknown}
 r - 3 potions of might
 t - 2 potions of heal wounds
 u - 2 potions of poison {unknown}
 z - 2 potions of magic {unknown}
 B - 6 potions of curing
 C - a potion of agility {unknown}


   Skills:
 + Level 2.5 Fighting
   Level 1.1 Short Blades
 + Level 2.0 Axes
 + Level 4.6 Throwing
 + Level 3.4 Armour
 + Level 4.6 Dodging
 - Level 1.4 Stealth


You had 6 spell levels left.
You didn't know any spells.

Dungeon Overview and Level Annotations

Branches:
Dungeon (4/27)
 Temple: D:4-7

Altars:
Vehumet
Xom


Innate Abilities, Weirdness & Mutations

Your are under a permanent stasis effect.
You can dig through walls and to a lower floor.
Your four strong arms can wield any weapon, most with a shield.
You are susceptible to poison.
You have a pair of large antennae on your head (SInv).
Your body is surrounded by an exoskeleton. (HP +5, AC +1)


Message History

You throw a large rock.
The large rock crashes through the giant frog.
The giant frog is heavily wounded.
The giant frog hits you.
* * * LOW HITPOINT WARNING * * *
The giant frog hits you but does no damage.
Throwing (i - inventory. (,) - cycle):
b - 3 large rocks (quivered)
Press: ? - help, Shift-Dir - straight line, f/p - giant frog
Aim: a giant frog (heavily wounded)
You throw a large rock. The large rock misses the giant frog.
The giant frog hits you!
* * * LOW HITPOINT WARNING * * *
The giant frog closely misses you. The giant frog barely misses you.
Throwing (i - inventory. (,) - cycle):
b - 2 large rocks (quivered)
Press: ? - help, Shift-Dir - straight line, f/p - giant frog
Aim: a giant frog (heavily wounded)
You throw a large rock. The large rock misses the giant frog.
The giant frog hits you.
You die...

#####....# #..##....#
#..'.....# ####....##
##################.....#
≈≈≈≈≈≈≈≈≈≈≈≈≈≈≈≈(......#
≈≈≈≈≈≈≈≈≈≈≈≈≈≈≈≈......##
≈≈≈≈≈≈≈≈≈≈≈≈≈≈≈≈FF....#
≈≈≈≈≈≈≈≈≈≈S≈≈≈≈≈@....##
≈≈≈≈≈≈≈≈≈≈≈≈≈≈≈≈....##
≈≈≈≈≈≈≈≈≈≈≈≈≈≈≈≈..###
###################


You could see 2 giant frogs and an adder.

Vanquished Creatures
  The ghost of Malachi the Chucker, an average FoHu (D:3)
  Sigmund (D:2)
  A hound (D:4)
  A big fish (D:4)
  An orc wizard (D:3)
  11 adders
  A giant mite (D:3)
  2 green rats (Sewer)
  2 worms
  14 grey rats (Sewer)
  2 giant geckos
  2 oozes
  3 orcs (D:3)
  2 giant cockroaches
  5 goblins
  7 hobgoblins
  2 jackals (D:1)
  2 quokkas
  12 ball pythons
  8 bats
  9 giant newts
  5 kobolds
  18 rats
112 creatures vanquished.

Notes
Turn   | Place    | Note
--------------------------------------------------------------
     0 | D:1      | Malachi, the Formicid Hunter, began the quest for the Orb.
     0 | D:1      | Reached XP level 1. HP: 17/17 MP: 0/0
   204 | D:1      | Reached XP level 2. HP: 22/22 MP: 1/1
   503 | D:1      | Reached XP level 3. HP: 23/26 MP: 2/2
   686 | D:1      | Reached skill level 4 in Throwing
   897 | D:2      | Reached XP level 4. HP: 32/32 MP: 3/3
   934 | D:2      | Noticed Sigmund
   938 | D:2      | Killed Sigmund
   938 | D:2      | Reached XP level 5. HP: 36/36 MP: 4/4
  1601 | D:3      | Noticed Malachi's ghost (average FoHu)
  1603 | D:3      | Killed Malachi's ghost
  1603 | D:3      | Reached XP level 6. HP: 31/41 MP: 5/5
  1726 | D:3      | Reached skill level 1 in Axes
  1927 | D:3      | Found a shimmering altar of Xom.
  1942 | D:3      | Reached XP level 7. HP: 25/45 MP: 6/6
  2493 | D:3      | Found a radiant altar of Vehumet.
  2890 | D:4      | Found a glowing drain.
  2912 | Sewer    | Entered a sewer
  4286 | Sewer    | HP: 2/45 [giant frog (8)]
  4287 | Sewer    | Slain by a giant frog

Action                   |  1- 3 |  4- 6 |  7- 9 || total
-------------------------+-------+-------+-------++-------
Melee: Short sword       |    77 |       |       ||    77
       Hand axe          |       |    72 |   177 ||   249
Throw: Large rock        |     7 |    10 |     8 ||    25
 Abil: Dig               |       |       |     1 ||     1
  Use: Scroll            |       |       |    16 ||    16
       Potion            |       |       |     1 ||     1
 Stab: Sleeping          |       |       |     1 ||     1
